 Dungeon Crawl Stone Soup version 0.32-a0-20-ge526923d97 (webtiles) character file.

Game seed: 2460543104501365976

39 Laraso the Shooter (level 3, 14/26 HPs)
             Began as a Formicid Hexslinger on Jan 18, 2024.
             Quit the game on level 3 of the Dungeon.
             The game lasted 00:01:38 (1506 turns).

Laraso the Shooter (Formicid Hexslinger)            Turns: 1506, Time: 00:01:39

Health: 14/26      AC:  4    Str: 12    XL:     3   Next: 70%
Magic:  4/4        EV: 12    Int: 12    God:
Gold:   100        SH:  0    Dex: 18    Spells: 4/4 levels left

rFire   . . .        a - +2 sling
rCold   + . .        (no shield)
rNeg    . . .        c - +0 robe
rPois   .            (helmet unavailable)
rElec   .            p - +1 cloak
rCorr   .            (no gloves)
SInv    +            (no boots)
Will    .....        (no amulet)
Stlth   ++           e - ring of protection from cold
HPRegen 0.24/turn    (no ring)
MPRegen 0.09/turn

%: no passive effects
@: no status effects
A: permanent stasis, dig shafts and tunnels, antennae 3, four strong arms
a: Dig, Shaft Self


You were on level 3 of the Dungeon.
You visited 1 branch of the dungeon, and saw 3 of its levels.

You collected 100 gold pieces.

Inventory:

Hand Weapons
 a - a +2 sling (weapon)
Armour
 c - a +0 robe (worn)
 p - a +1 cloak (worn)
Jewellery
 e - a ring of protection from cold (left hand)
Scrolls
 b - 2 scrolls of poison
 k - a scroll of amnesia
Potions
 d - a potion of degeneration {unknown}
 f - 2 potions of attraction {unknown}
 i - a potion of brilliance
 j - a potion of heal wounds {unknown}
 n - a potion of magic {unknown}


   Skills:
 - Level 1.1 Fighting
 * Level 3.8 Ranged Weapons
 - Level 1.7 Dodging
 - Level 1.1 Spellcasting
 - Level 3.6 Hexes
 - Level 1.0 Fire Magic


You had 4 spell levels left.
You didn't know any spells.
Your spell library contained the following spells:

 Spells                   Type           Power      Damage    Failure   Level
 Jinxbite                 Hex            18%        N/A       11%         2
 Sigil of Binding         Hex            9%         N/A       21%         3
 Inner Flame              Hex/Fire       6%         N/A       34%         3
 Cause Fear               Hex            4%         N/A       56%         4
 Dimensional Bullseye     Hex/Tloc       2%         N/A       80%         4


Dungeon Overview and Level Annotations

Branches:
Dungeon (3/15)

Altars:
Fedhas
Gozag


Innate Abilities, Weirdness & Mutations

You cannot be hasted, slowed, berserked, paralysed or teleported.
You can dig through walls and to a lower floor.
You have a pair of large antennae on your head. (SInv)
Your four strong arms can wield two-handed weapons with a shield.


Message History

There is an open door here.
An orc is nearby!
You shoot a sling bullet. The sling bullet hits the orc.
The orc is heavily wounded.
You shoot a sling bullet. The sling bullet hits the orc.
You kill the orc!
No target in view!
No target in view!
An orc wizard comes into view. It is wielding a +0 dagger.
The orc wizard shouts!
You hear a shout!
The orc wizard gestures at you while chanting.
You are confused.
An orc priest comes into view. It is wielding a +0 club.
There are monsters nearby!
There are monsters nearby!
You are too confused!
There is an open door here.
You bump into the crystal wall.
An orc comes into view. It is wielding a +0 whip.
The orc wizard casts a spell at you.
You are more confused.
You enter the shallow water.
Moving in this stuff is going to be slow.
The orc priest calls down the wrath of Beogh upon you.
Beogh smites you!
The orc wizard mumbles some strange words.
The orc wizard flickers and vanishes for a moment.
You enter the shallow water.
Moving in this stuff is going to be slow.
The orc priest hits you but does no damage.
You enter the shallow water.
Moving in this stuff is going to be slow.
You feel less confused.
The orc priest attacks as it pursues you!
The orc priest closely misses you.
The orc priest attacks as it pursues you!
The orc priest closely misses you. The orc priest hits you with a +0 club.
Unknown command.
Are you sure you want to abandon this character and quit the game? (Confirm with "yes".)

## ## <# .### .# ..# ##
.# #.######.# .#
#........#
.######..#####.#
...........#..####+####
.####.###.....#.@.....#
.##.....####.##.o.....#
.#.8...8.#....#.o.~...#
##.......###..').~~~..+
....._........#...~...#
.#.......#....#.......#
##.8...8.######.......#
{ ##.....## ####'####
#..#


You could see an orc priest and an orc wizard (invisible).

Vanquished Creatures
  2 dart slugs (D:1)
  An orc (D:3)
  4 ball pythons
  A bat (D:3)
  2 endoplasms (D:2)
  2 giant cockroaches
  A hobgoblin (D:2)
  4 jackals (D:2)
  2 kobolds (D:1)
  A quokka (D:1)
  4 frilled lizards
  2 goblins
  8 rats
34 creatures vanquished.

Notes
Turn   | Place    | Note
-------+----------+-------------------------------------------
     0 | D:1      | Laraso the Formicid Hexslinger began the quest for the Orb.
     0 | D:1      | Reached XP level 1. HP: 15/15 MP: 2/2
   191 | D:1      | Reached XP level 2. HP: 21/21 MP: 3/3
   645 | D:2      | Reached XP level 3. HP: 26/26 MP: 4/4
   685 | D:2      | Identified the +10 dagger of Somewhere Else {freeze, rC+
                  | rN+ SInv}
   758 | D:2      | Found a blossoming altar of Fedhas.
   824 | D:2      | Found a faded altar of an unknown god.
  1438 | D:3      | Found an opulent altar of Gozag.
  1506 | D:3      | Quit the game

Illustrated notes

Levels and vault maps discovered:
D:1:      nzn_arrival_crosshair, layout_loops_ring
D:2:      layout_loops_cross, basic_altar, shapermc_ecumenical_altar_flowoftime,
          kennysheep_flooded_box
D:3:      layout_basic, mainiacjoe_overflow_six_doors_small,
          grunt_gozag_statues, kennysheep_generic_room_8

Skill      XL: |  1  2 |
---------------+-------+-----
Ranged Weapons | 3 |  3.8
Fighting       | |  1.1
Dodging        | |  1.7
Spellcasting   | |  1.1
Hexes          | |  3.6
Fire Magic     | |  1.0

Action                     || total
---------------------------++-------
   Fire: Sling             ||    72
    Use: Scroll            ||     9
 Armour: Robe              ||    14
  Dodge: Dodged            ||    19

Table legend: (Time is in decaauts)
 A = Elapsed time spent in this place.
 B = Non-inter-level travel time spent in this place.
 C = Inter-level travel time spent in this place.
 D = Time resting spent in this place.
 E = Time spent auto-exploring this place.
 F = Levels seen in this place.
 G = Mean time per level.
                   A        B        C        D        E       F      G
               +--------+--------+--------+--------+--------+-----+--------+
         Total |   1526 |   1424 |    102 |      0 |   1217 |   3 |  508.7 |
       Dungeon |   1526 |   1424 |    102 |      0 |   1217 |   3 |  508.7 |
               +--------+--------+--------+--------+--------+-----+--------+

Top non-repeatable levels by time:
     D:2: 797 daAuts
     D:1: 644 daAuts
     D:3: 84 daAuts
